NYP
STATE COLLEGE SPIKES @ WILLIAMSPORT CROSSCUTTERS
08/22/2044
 
TOP OF THE 1ST
State College Spikes batting - Pitching for Williamsport Crosscutters : LHP Pat Palazzolo
Pitching: LHP Pat Palazzolo
Batting: LHB Robert Rauda 0-0: Swinging Strike
0-1: Swinging Strike
0-2: Strikes out swinging
Batting: RHB Francisco Vargas 0-0: Ball
1-0: Called Strike
1-1: Ball
2-1: Foul Ball, location: 2F
2-2: Foul Ball, location: 2F
2-2: Foul Ball, location: 2F
2-2: Fly out, F8 (Flyball, 8RD, EV 106.9 MPH)
Batting: RHB Immel Kamuzu 0-0: Ball
1-0: Ball
2-0: Called Strike
2-1: Foul Ball, location: 2F
2-2: TRIPLE (Flyball, 78XD, EV 92.5 MPH)
Batting: RHB John Gibbs 0-0: Fly out, F8 (Flyball, 8LM, EV 91.3 MPH)
Top of the 1st over - 0 runs, 1 hit, 0 errors, 1 left on base; State College 0 - Williamsport 0
BOTTOM OF THE 1ST
Williamsport Crosscutters batting - Pitching for State College Spikes : RHP Asao Saito
Pitching: RHP Asao Saito
Batting: LHB Tsuneharu Nishimura 0-0: Ball
1-0: Ball
2-0: Foul Ball, location: 2F
2-1: Ball
3-1: Base on Balls
Batting: RHB Matt McDevitt 0-0: Ball
1-0: SINGLE (Flyball, 9S, EV 95.0 MPH)
Tsuneharu Nishimura to second
Runner from 2nd tries for 3rd, SAFE, throw by RF made to third
Batting: RHB Alan Weller 0-0: Swinging Strike
0-1: Ball
1-1: Fly out, F9 (Flyball, 89S, EV 90.6 MPH)
Batting: SHB Benjamin Brown 0-0: Called Strike
0-1: Swinging Strike
0-2: Ball
1-2: Strikes out swinging
Batting: RHB Moritake Fukumoto 0-0: Called Strike
0-1: Ball
1-1: Swinging Strike
1-2: Ball
Wild Pitch!
Tsuneharu Nishimura scores
Matt McDevitt to second
2-2: Foul Ball, location: 2F
2-2: Strikes out swinging
Bottom of the 1st over - 1 run, 1 hit, 0 errors, 1 left on base; State College 0 - Williamsport 1
TOP OF THE 2ND
State College Spikes batting - Pitching for Williamsport Crosscutters : LHP Pat Palazzolo
Batting: RHB Francisco de la Cruz 0-0: Called Strike
0-1: Swinging Strike
0-2: Strikes out looking
Batting: SHB Hank Arias 0-0: Foul Ball, location: 2F
0-1: Ball
1-1: Fly out, F7 (Flyball, 7D, EV 91.3 MPH)
Batting: RHB Jose Jimenez 0-0: Ball
1-0: Called Strike
1-1: Called Strike
1-2: Foul Ball, location: 2F
1-2: Foul Ball, location: 2F
1-2: SOLO HOME RUN (Line Drive, 9D, EV 106.9 MPH), Distance : 414 ft
Batting: RHB Ray Souza 0-0: Swinging Strike
0-1: Reached on error, E6 (Groundball, 6M, EV 105.6 MPH)
Batting: LHB Bob Hale 0-0: Ball
1-0: Called Strike
1-1: Ball
2-1: Fielders Choice at 2nd, 6-4 (Groundball, 6, EV 105.6 MPH)
Top of the 2nd over - 1 run, 1 hit, 1 error, 1 left on base; State College 1 - Williamsport 1
BOTTOM OF THE 2ND
Williamsport Crosscutters batting - Pitching for State College Spikes : RHP Asao Saito
Batting: RHB Allen Gravel 0-0: Ball
1-0: Called Strike
1-1: Ground out 4-3 (Groundball, 34, EV 102.5 MPH)
Batting: LHB Manoel Camp 0-0: Ground out 6-3 (Groundball, 6, EV 93.1 MPH)
Batting: RHB Ken Gadberry 0-0: Fly out, F8 (Line Drive, 8RM, EV 88.1 MPH)
Bottom of the 2nd over - 0 runs, 0 hits, 0 errors, 0 left on base; State College 1 - Williamsport 1
TOP OF THE 3RD
State College Spikes batting - Pitching for Williamsport Crosscutters : LHP Pat Palazzolo
Batting: LHB Robert Rauda 0-0: SINGLE (Flyball, 5D, EV 94.4 MPH) - OUT at second base trying to stretch hit.
Batting: RHB Francisco Vargas 0-0: Ball
1-0: SINGLE (Flyball, 8RS, EV 98.8 MPH)
Batting: RHB Immel Kamuzu 0-0: Swinging Strike
0-1: Foul Ball, location: 2F
0-2: Foul Ball, location: 2F
0-2: Foul Ball, location: 2F
0-2: SINGLE (Groundball, 34D, EV 99.4 MPH)
Francisco Vargas to second
Runner from 2nd tries for 3rd, SAFE, throw by RF made to third
Batting: RHB John Gibbs 0-0: Ball
1-0: Fly out, F9 (Flyball, 9, EV 88.8 MPH)
Batting: RHB Francisco de la Cruz 0-0: Foul Ball, location: 2F
0-1: Called Strike
0-2: Ground out 5-3 (Groundball, 56S, EV 83.8 MPH)
Top of the 3rd over - 0 runs, 3 hits, 0 errors, 2 left on base; State College 1 - Williamsport 1
BOTTOM OF THE 3RD
Williamsport Crosscutters batting - Pitching for State College Spikes : RHP Asao Saito
Batting: RHB Cory Bonham 0-0: Swinging Strike
0-1: Ball
1-1: Foul Ball, location: 2F
1-2: Ball
2-2: Ball
3-2: Strikes out looking
Batting: LHB Tsuneharu Nishimura 0-0: Ball
1-0: Ball
2-0: Foul Ball, location: 2F
2-1: Ball
3-1: DOUBLE (Groundball, 3L, EV 97.5 MPH)
Batting: RHB Matt McDevitt 0-0: Called Strike
0-1: Ground out 6-3 (Groundball, 56, EV 103.1 MPH)
Batting: RHB Alan Weller 0-0: Ball
1-0: Ground out 4-3 (Groundball, 4, EV 85.0 MPH)
Bottom of the 3rd over - 0 runs, 1 hit, 0 errors, 1 left on base; State College 1 - Williamsport 1
TOP OF THE 4TH
State College Spikes batting - Pitching for Williamsport Crosscutters : LHP Pat Palazzolo
Batting: SHB Hank Arias 0-0: Ball
1-0: Ground out U3 (Groundball, 3S, EV 86.3 MPH)
Batting: RHB Jose Jimenez 0-0: Ball
1-0: Called Strike
1-1: Called Strike
1-2: DOUBLE (Line Drive, 9LS, EV 88.1 MPH)
Batting: RHB Ray Souza 0-0: Ball
1-0: Called Strike
1-1: Foul Ball, location: 2F
1-2: Ball
2-2: Foul Ball, location: 2F
2-2: Ball
3-2: Strikes out swinging
Batting: LHB Bob Hale 0-0: Called Strike
0-1: Ball
1-1: Foul Ball, location: 2F
1-2: Ball
2-2: Ball
3-2: Ground out 4-3 (Groundball, 4, EV 100.6 MPH)
Top of the 4th over - 0 runs, 1 hit, 0 errors, 1 left on base; State College 1 - Williamsport 1
BOTTOM OF THE 4TH
Williamsport Crosscutters batting - Pitching for State College Spikes : RHP Asao Saito
Batting: SHB Benjamin Brown 0-0: Ball
1-0: Called Strike
1-1: SINGLE (Groundball, 34D, EV 101.9 MPH)
Batting: RHB Moritake Fukumoto 0-0: Foul Ball, location: 2F
0-1: Called Strike
0-2: Fly out, F8 (Flyball, 78XD, EV 101.3 MPH)
Runner from 1st tags up, SAFE at 2nd
Batting: RHB Allen Gravel 0-0: Ball
1-0: Ball
2-0: Ball
3-0: Called Strike
3-1: Ground out 4-3 (Groundball, 4, EV 85.0 MPH)
Benjamin Brown to third
Batting: LHB Manoel Camp 0-0: Ball
1-0: Swinging Strike
1-1: Ball
2-1: Foul Ball, location: 2F
2-2: Ball
3-2: Foul Ball, location: 2F
3-2: Strikes out swinging
Bottom of the 4th over - 0 runs, 1 hit, 0 errors, 1 left on base; State College 1 - Williamsport 1
TOP OF THE 5TH
State College Spikes batting - Pitching for Williamsport Crosscutters : LHP Pat Palazzolo
Batting: LHB Robert Rauda 0-0: Ball
1-0: Ball
2-0: Foul Ball, location: 2F
2-1: Swinging Strike
2-2: Ball
3-2: DOUBLE (Line Drive, 7LM, EV 108.8 MPH)
Batting: RHB Francisco Vargas 0-0: Ground out 4-3 (Groundball, 4D, EV 98.1 MPH)
Robert Rauda to third
Batting: RHB Immel Kamuzu 0-0: Fly out, F4 (Popup, 4S, EV 86.9 MPH)
Batting: RHB John Gibbs 0-0: Called Strike
0-1: Foul Ball, location: 2F
0-2: SINGLE (Groundball, 56S, EV 68.8 MPH) (infield hit)
Robert Rauda scores
Pitching: LHP Rick Sarratt
Batting: RHB Francisco de la Cruz 0-0: Fielders Choice at 2nd, 5-4 (Groundball, 56, EV 78.8 MPH)
Top of the 5th over - 1 run, 2 hits, 0 errors, 1 left on base; State College 2 - Williamsport 1
BOTTOM OF THE 5TH
Williamsport Crosscutters batting - Pitching for State College Spikes : RHP Asao Saito
Batting: RHB Ken Gadberry 0-0: Ball
1-0: Ball
2-0: Called Strike
2-1: Ball
3-1: Foul Ball, location: 2F
3-2: Foul Ball, location: 2F
3-2: Foul Ball, location: 2F
3-2: Base on Balls
Batting: RHB Cory Bonham 0-0: Foul Ball, location: 2F
0-1: Ball
1-1: Swinging Strike
1-2: Strikes out swinging
Batting: LHB Tsuneharu Nishimura 0-0: Foul Ball, location: 2F
0-1: Fly out, F7 (Flyball, 7LS, EV 95.0 MPH)
Batting: RHB Matt McDevitt 0-0: Ball
1-0: Fly out, F7 (Line Drive, 7, EV 107.5 MPH)
Bottom of the 5th over - 0 runs, 0 hits, 0 errors, 1 left on base; State College 2 - Williamsport 1
TOP OF THE 6TH
State College Spikes batting - Pitching for Williamsport Crosscutters : LHP Rick Sarratt
Batting: SHB Hank Arias 0-0: Called Strike
0-1: Foul Ball, location: 2F
0-2: Hit by Pitch
Batting: RHB Jose Jimenez 0-0: Ball
1-0: Called Strike
Hank Arias steals 2nd, throwing error, E2
Hank Arias to third
1-1: Ball
2-1: Ball
3-1: Called Strike
3-2: Strikes out looking
Batting: RHB Ray Souza 0-0: Called Strike
0-1: Ball
1-1: Called Strike
1-2: Ball
2-2: SINGLE (Groundball, 34D, EV 94.4 MPH)
Hank Arias scores
Batting: LHB Bob Hale 0-0: Ball
Wild Pitch!
Ray Souza to second
1-0: Ball
2-0: Ball
3-0: Base on Balls
Batting: LHB Robert Rauda 0-0: Called Strike
0-1: Fielders Choice at 2nd, 6-4 (Groundball, 6, EV 88.1 MPH)
Ray Souza to third
Batting: RHB Francisco Vargas 0-0: Ball
1-0: Called Strike
1-1: Ball
2-1: Ball
3-1: Base on Balls
Robert Rauda to second
Batting: RHB Immel Kamuzu 0-0: Called Strike
0-1: Ball
1-1: Foul Ball, location: 2F
1-2: Foul Ball, location: 2F
1-2: Ball
2-2: Ball
3-2: Strikes out swinging
Top of the 6th over - 1 run, 1 hit, 1 error, 3 left on base; State College 3 - Williamsport 1
BOTTOM OF THE 6TH
Williamsport Crosscutters batting - Pitching for State College Spikes : RHP Asao Saito
Batting: RHB Alan Weller 0-0: Swinging Strike
0-1: Ball
1-1: Fly out, F6 (Popup, 4M, EV 58.8 MPH)
Batting: SHB Benjamin Brown 0-0: Ball
1-0: Ball
2-0: Ground out U3 (Groundball, 3, EV 87.5 MPH)
Batting: RHB Moritake Fukumoto 0-0: Ball
1-0: Called Strike
1-1: Foul Ball, location: 2F
1-2: Ball
2-2: Ground out 5-3 (Groundball, 5, EV 93.8 MPH)
Bottom of the 6th over - 0 runs, 0 hits, 0 errors, 0 left on base; State College 3 - Williamsport 1
TOP OF THE 7TH
State College Spikes batting - Pitching for Williamsport Crosscutters : LHP Rick Sarratt
Pitching: LHP Wil Diaz
Batting: RHB John Gibbs 0-0: Swinging Strike
0-1: Ground out 5-3 (Groundball, 56, EV 83.8 MPH)
Batting: RHB Francisco de la Cruz 0-0: Ball
1-0: SINGLE (Groundball, 56D, EV 103.1 MPH)
Batting: SHB Hank Arias 0-0: Foul Ball, location: 2F
0-1: Ball
1-1: Ball
2-1: Ball
3-1: Base on Balls
Francisco de la Cruz to second
Batting: RHB Jose Jimenez 0-0: Called Strike
0-1: Ball
Wild Pitch!
Francisco de la Cruz to third
Hank Arias to second
1-1: Swinging Strike
1-2: Ground out 5-3 (Groundball, 56, EV 90.0 MPH)
Francisco de la Cruz scores
Batting: RHB Ray Souza 0-0: Swinging Strike
0-1: Ball
1-1: Foul Ball, location: 2F
1-2: Strikes out swinging
Top of the 7th over - 1 run, 1 hit, 0 errors, 1 left on base; State College 4 - Williamsport 1
BOTTOM OF THE 7TH
Williamsport Crosscutters batting - Pitching for State College Spikes : RHP Asao Saito
Batting: RHB Allen Gravel 0-0: Ball
1-0: SINGLE (Groundball, 56D, EV 94.4 MPH)
Batting: LHB Manoel Camp 0-0: Ball
1-0: Bunt missed!
1-1: Bunted foul
1-2: Strikes out looking
Batting: RHB Ken Gadberry 0-0: Called Strike
0-1: Foul Ball, location: 2F
0-2: Ball
1-2: Ball
2-2: Foul Ball, location: 2F
2-2: Fielders Choice at 2nd, 6-4 (Groundball, 6, EV 105.0 MPH)
Batting: RHB Cory Bonham 0-0: Swinging Strike
0-1: Foul Ball, location: 2F
0-2: Ball
1-2: SINGLE (Line Drive, 78S, EV 87.5 MPH)
Ken Gadberry to second
Pitching: RHP Tony Bonilla
Batting: LHB Tsuneharu Nishimura 0-0: Swinging Strike
0-1: Called Strike
0-2: Ball
1-2: Foul Ball, location: 2F
1-2: Strikes out swinging
Bottom of the 7th over - 0 runs, 2 hits, 0 errors, 2 left on base; State College 4 - Williamsport 1
TOP OF THE 8TH
State College Spikes batting - Pitching for Williamsport Crosscutters : LHP Wil Diaz
Pinch Hitting: RHB Fekadu Alhaadi 0-0: Ball
1-0: Ball
2-0: Called Strike
2-1: DOUBLE (Line Drive, 5D, EV 98.1 MPH)
Batting: LHB Robert Rauda 0-0: Fly out, F8 (Flyball, 8LD, EV 92.5 MPH)
Batting: RHB Francisco Vargas 0-0: Ball
1-0: Ball
2-0: Foul Ball, location: 2F
2-1: Ground out U3 (Groundball, 34, EV 83.1 MPH)
Fekadu Alhaadi to third
Batting: RHB Immel Kamuzu 0-0: Called Strike
0-1: Foul Ball, location: 2F
0-2: Ball
1-2: Foul Ball, location: 2F
1-2: Strikes out swinging
Top of the 8th over - 0 runs, 1 hit, 0 errors, 1 left on base; State College 4 - Williamsport 1
BOTTOM OF THE 8TH
Williamsport Crosscutters batting - Pitching for State College Spikes : RHP Tony Bonilla
Now at 1B: Fekadu Alhaadi
Batting: RHB Matt McDevitt 0-0: Ball
1-0: Ground out U3 (Groundball, 3, EV 77.5 MPH)
Batting: RHB Alan Weller 0-0: Ground out 1-3 (Groundball, 15S, EV 67.5 MPH)
Batting: SHB Benjamin Brown 0-0: Ball
1-0: Called Strike
1-1: Ground out 6-3 (Groundball, 6, EV 84.4 MPH)
Bottom of the 8th over - 0 runs, 0 hits, 0 errors, 0 left on base; State College 4 - Williamsport 1
TOP OF THE 9TH
State College Spikes batting - Pitching for Williamsport Crosscutters : LHP Wil Diaz
Pitching: RHP Shunichi Ogawa
Batting: RHB John Gibbs 0-0: Ball
1-0: Foul Ball, location: 2F
1-1: Ball
2-1: Called Strike
2-2: Ball
3-2: SINGLE (Line Drive, 78S, EV 90.0 MPH)
Batting: RHB Francisco de la Cruz 0-0: Called Strike
0-1: Swinging Strike
0-2: Ball
1-2: Foul Ball, location: 2F
1-2: Ball
Passed Ball!
John Gibbs to second
2-2: Strikes out swinging
Batting: SHB Hank Arias 0-0: Ball
1-0: Swinging Strike
1-1: Called Strike
1-2: Foul Ball, location: 2F
1-2: Ball
2-2: Strikes out swinging
Batting: RHB Jose Jimenez 0-0: Called Strike
0-1: Ball
1-1: Ball
2-1: Ground out U3 (Groundball, 34, EV 92.5 MPH)
Top of the 9th over - 0 runs, 1 hit, 0 errors, 1 left on base; State College 4 - Williamsport 1
BOTTOM OF THE 9TH
Williamsport Crosscutters batting - Pitching for State College Spikes : RHP Tony Bonilla
Pitching: RHP Pabiyan Vetlitsky
Batting: RHB Moritake Fukumoto 0-0: Ball
1-0: SOLO HOME RUN (Flyball, 7D, EV 94.4 MPH), Distance : 379 ft
Batting: RHB Allen Gravel 0-0: Ball
1-0: Fly out, F7 (Line Drive, 78M, EV 100.0 MPH)
Batting: LHB Manoel Camp 0-0: Called Strike
0-1: Ground out 5-3 (Groundball, 56S, EV 85.6 MPH)
Batting: RHB Ken Gadberry 0-0: Fly out, F3 (Line Drive, 3, EV 75.0 MPH)
Bottom of the 9th over - 1 run, 1 hit, 0 errors, 0 left on base; State College 4 - Williamsport 2
Thursday, March 31st , 2022 - OOTP Baseball 22.12 Build 89